 Dungeon Crawl Stone Soup version 0.31-a0-819-gf6de2f5ab6 (webtiles) character file.

Game seed: 6744672915721072636

1459 Kurtz the Cleaver (level 8, -7/52 HPs)
             Began as an Octopode Fighter on Sept 24, 2023.
             Mangled by a gnoll sergeant
             ... wielding a +2 spear of flaming
              (13 damage)
             ... on level 7 of the Dungeon.
             The game lasted 00:09:06 (5555 turns).

Kurtz the Cleaver (Octopode Fighter)                Turns: 5555, Time: 00:09:07

Health: -7/52      AC:  1    Str: 15    XL:     8   Next: 76%
Magic:  8/8        EV: 12    Int: 11    God:
Gold:   277        SH:  9    Dex: 13    Spells: 7/7 levels left

rFire   . . .        e - +0 war axe (heavy)
rCold   . . .        h - +0 kite shield
rNeg    + . .        (helmet restricted)
rPois   .            (no amulet)
rElec   .            p - ring of positive energy
rCorr   .            (no ring)
SInv    .            (no ring)
Will    .....        (no ring)
Stlth   ++           (no ring)
HPRegen 0.28/turn    (no ring)
MPRegen 0.11/turn    (no ring)
                     (no ring)

%: no passive effects
@: mighty
A: almost no armour, amphibious, 8 rings, camouflage 1, gelatinous body 1,
(nimble swimmer 1), tentacles
a: no special abilities


You were on level 7 of the Dungeon.
You visited 1 branch of the dungeon, and saw 7 of its levels.

You collected 277 gold pieces.

Inventory:

Hand Weapons
 a - a +0 war axe
 e - a +0 heavy war axe (weapon)
 v - a +1 whip of electrocution
Missiles
 j - 6 poisoned darts (quivered)
Armour
 b - a +0 buckler
 g - the +0 kite shield "Tinuwat" {Harm rN+ Str+3}
   (You found it on level 2 of the Dungeon)

   Str+3:     It affects your strength (+3).
   rN+:       It protects you from negative energy.
   Harm:      It increases damage dealt and taken.
 h - a +0 kite shield (worn)
Jewellery
 p - a ring of positive energy (left tentacle)
 A - an amulet of regeneration
Wands
 k - a wand of flame (25)
Scrolls
 c - 2 scrolls of noise {unknown}
 d - a scroll of fear {unknown}
 f - a scroll of vulnerability {unknown}
 i - 3 scrolls of poison {unknown}
 l - 2 scrolls of amnesia {unknown}
 m - a scroll of revelation {unknown}
 t - 3 scrolls of immolation {unknown}
 y - a scroll of teleportation {unknown}
 z - a scroll of enchant armour {unknown}
Potions
 n - a potion of attraction
 o - a potion of mutation
 q - a potion of cancellation
 s - 2 potions of lignification
 u - 2 potions of enlightenment
 w - 3 potions of curing
 x - a potion of haste {unknown}


   Skills:
 - Level 3.0 Fighting
 * Level 9.6 Axes
 - Level 3.0 Dodging
 * Level 5.7 Shields


You had 7 spell levels left.
You didn't know any spells.
Your spell library contained the following spells:

 Spells                   Type           Power      Damage    Failure   Level
 Gell's Gravitas          Tloc           0%         N/A       96%         3
 Ozocubu's Armour         Ice            0%         N/A       96%         3
 Teleport Other           Tloc           0%         N/A       96%         3
 Tukima's Dance           Hex            0%         N/A       96%         3
 Dimensional Bullseye     Hex/Tloc       0%         N/A       100%        4
 Iskenderun's Mystic Bla  Conj/Tloc      0%         2d3       100%        4
 Metabolic Englaciation   Hex/Ice        0%         N/A       100%        5
 Dispersal                Tloc           0%         N/A       100%        6
 Simulacrum               Ice/Necr       0%         N/A       100%        6


Dungeon Overview and Level Annotations

Branches:
Dungeon (7/15)
 Temple: D:4-7

Altars:
Trog

Annotations:
D:7 exclusion: ogre


Innate Abilities, Weirdness & Mutations

You cannot wear most types of armour.
You are amphibious.
You can wear up to eight rings at the same time.
Your skin changes colour to match your surroundings (Stealth+).
Your rubbery body absorbs attacks. (AC +1, EV +1)
((You are camouflaged when in or above water. (Stealth+)))
You have tentacles for arms and can constrict up to eight enemies at once.


Message History

You slice the gnoll!!
You kill the gnoll!
You see here a +0 halberd.
The gnoll closely misses you.
The gnoll sergeant shouts!
The gnoll shouts!
You hear a shout! x2
The gnoll hits you with a +0 halberd! The gnoll hits you with a +0 spear!
You hear a shout!
You slash the gnoll!
You kill the gnoll!
You slash the gnoll!
You kill the gnoll!
The gnoll hits you from afar with a +0 spear.
The gnoll hits you with a +0 whip.
Unknown command.
You hit the gnoll. Your grab misses the gnoll.
The gnoll is moderately wounded.
The gnoll misses you. The gnoll closely misses you.
You hit the gnoll but do no damage. You grab the gnoll.
The gnoll is moderately wounded.
You constrict the gnoll. The gnoll hits you but does no damage.
You slash the gnoll!
You kill the gnoll!
The gnoll sergeant closely misses you.
The gnoll sergeant hits you from afar with a +2 spear of flaming.
The gnoll sergeant burns you.
Okay, then.
You feel very mighty all of a sudden.
The gnoll sergeant hits you from afar with a +2 spear of flaming!
* * * LOW HITPOINT WARNING * * *
The gnoll sergeant burns you.
* * * LOW HITPOINT WARNING * * *
The gnoll sergeant barely misses you. You block the gnoll's attack.
You see here a +0 whip.
You slash the gnoll sergeant! You grab the gnoll sergeant.
You squeeze the gnoll sergeant.
The gnoll sergeant is severely wounded.
You constrict the gnoll sergeant. You block the gnoll sergeant's attack.
The gnoll barely misses you.
The gnoll sergeant hits you with a +2 spear of flaming!
You die...

#.#
#.#######
#..)....#
#######.#
#...# #.###
#.# #.# #@#
##### #g###
#.... #g..#
#...g####.#
#....'..))#
#....###.g#
##+## #..#
#..# ...#


You could see a gnoll sergeant and a gnoll.

Vanquished Creatures
  Sigmund (D:2)
  An ice beast (D:7)
  A sky beast (D:6)
  An ogre (D:5)
  4 phantoms
  2 scorpions (D:5)
  An orc priest (D:6)
  3 hounds
  4 jellies
  A sleepcap (D:4)
  Jessica (D:2)
  2 iguanas
  3 orc wizards
  4 gnolls (D:7)
  7 adders
  3 ufetubi
  A worm (D:2)
  3 dart slugs
  14 orcs
  9 ball pythons
  9 endoplasms
  3 giant cockroaches
  7 hobgoblins
  3 jackals (D:3)
  8 quokkas
  6 bats
  6 frilled lizards
  6 goblins
  8 kobolds
  3 rats
125 creatures vanquished.

Notes
Turn   | Place    | Note
-------+----------+-------------------------------------------
     0 | D:1      | Kurtz the Octopode Fighter began the quest for the Orb.
     0 | D:1      | Reached XP level 1. HP: 16/16 MP: 1/1
    83 | D:1      | Reached XP level 2. HP: 19/21 MP: 2/2
   192 | D:1      | Reached skill level 3 in Axes
   475 | D:1      | Reached XP level 3. HP: 24/26 MP: 3/3
   921 | D:2      | Noticed Sigmund
   936 | D:2      | Killed Sigmund
   937 | D:2      | Reached skill level 5 in Axes
   937 | D:2      | Reached XP level 4. HP: 12/31 MP: 4/4
   937 | D:2      | Reached XP level 5. HP: 15/36 MP: 5/5
  1150 | D:2      | Noticed Jessica
  1163 | D:2      | HP: 1/36 [Jessica/+0 club (4)]
  1166 | D:2      | Killed Jessica
  1167 | D:2      | Reached skill level 6 in Axes
  1167 | D:2      | Reached XP level 6. HP: 2/42 MP: 6/6
  1331 | D:2      | Identified the +0 kite shield "Tinuwat" {Harm rN+ Str+3}
  1542 | D:2      | Found a bloodstained altar of Trog.
  2466 | D:4      | Reached skill level 7 in Axes
  2533 | D:4      | Reached XP level 7. HP: 32/46 MP: 7/7
  3398 | D:5      | Entered Level 5 of the Dungeon
  3514 | D:5      | Reached skill level 8 in Axes
  3753 | D:5      | Reached XP level 8. HP: 34/52 MP: 8/8
  4206 | D:6      | Noticed a troll
  4337 | D:5      | Reached skill level 9 in Axes
  4587 | D:6      | Reached skill level 5 in Shields
  5555 | D:7      | Mangled by a gnoll sergeant

Illustrated notes

Levels and vault maps discovered:
D:1:      minmay_arrival_arboretum_small, layout_basic
D:2:      layout_rooms, basic_altar, uniq_jessica, uniq_sigmund
D:3:      layout_rooms, minmay_increasing_density
D:4:      layout_basic
D:5:      layout_cave_pools, minmay_misc_feat_chi
D:6:      layout_cave_pools
D:7:      layout_basic, lemuel_tele_altar, temple_hall

Skill      XL: |  1  2  3  4  5  6  7  8 |
---------------+-------------------------+-----
Axes           | 3 5 6 7 8 9 |  9.6
Shields        | 4 5 |  5.7
Fighting       | |  3.0
Dodging        | |  3.0

Action                     |  1- 3 |  4- 6 |  7- 9 || total
---------------------------+-------+-------+-------++-------
  Melee: War axe           |    36 |   102 |    48 ||   186
         Constrict         |     7 |    23 |    27 ||    57
         Tentacles         |     6 |    22 |    38 ||    66
         Punch             |       |     3 |     3 ||     6
         Whip              |       |       |    99 ||    99
  Throw: Dart              |       |       |     1 ||     1
  Evoke: Wand              |       |       |     7 ||     7
    Use: Potion            |     3 |       |     2 ||     5
         Scroll            |       |       |     6 ||     6
   Stab: Sleeping          |     4 |     8 |     1 ||    13
 Armour: Skin              |    20 |    37 |    80 ||   137
  Dodge: Dodged            |    29 |    55 |    54 ||   138
  Block: Buckler           |     6 |     5 |       ||    11
         Kite shield       |       |    37 |    63 ||   100

Table legend: (Time is in decaauts)
 A = Elapsed time spent in this place.
 B = Non-inter-level travel time spent in this place.
 C = Inter-level travel time spent in this place.
 D = Time resting spent in this place.
 E = Time spent auto-exploring this place.
 F = Levels seen in this place.
 G = Mean time per level.
                   A        B        C        D        E       F      G
               +--------+--------+--------+--------+--------+-----+--------+
         Total |   5631 |   5437 |    194 |   1474 |   2754 |   7 |  804.4 |
       Dungeon |   5631 |   5437 |    194 |   1474 |   2754 |   7 |  804.4 |
               +--------+--------+--------+--------+--------+-----+--------+

Top non-repeatable levels by time:
     D:4: 1260 daAuts
     D:5: 1238 daAuts
     D:2: 893 daAuts
     D:1: 820 daAuts
     D:3: 633 daAuts
     D:6: 413 daAuts
     D:7: 371 daAuts
